Sharks vs Golden Knights
Created - January 31, 2021 at 19:31
Goals
|
| Sharks |
0 |
3 |
3 |
0 |
6 |
| Golden Knights |
3 |
1 |
2 |
1 |
7 |
|
Shots
|
| Sharks |
10 |
13 |
16 |
0 |
39 |
| Golden Knights |
16 |
11 |
11 |
1 |
39 |
|
1st period
1. Golden Knights , Michael Frolik 27 (Andrei Loktionov 29, Mathew Dumba 13) at 7:25 (PP)
2. Golden Knights , Chris Higgins 4 (Wayne Simmonds 9, Zach Bogosian 28) at 8:38
3. Golden Knights , Michael Frolik 28 (Zach Bogosian 29) at 11:12 (PP)
Penalties :
Oskar Osala (SJS) for Roughing (Minor) at 7:15, Brandon Dubinsky (SJS) for Hooking (Minor) at 8:41, Oskar Osala (SJS) for High sticking (Minor) at 10:55
2nd period
4. Sharks , Mike Cammalleri 7 (Drew Doughty 29, Jason Spezza 29) at 0:55 (PP)
5. Golden Knights , Zach Bogosian 12 (Sergei Plotnikov 14, Michael Frolik 27) at 1:53 (PP)
6. Sharks , Karl Alzner 3 (Boone Jenner 6, Brandon Dubinsky 7) at 7:16
7. Sharks , Nick Palmieri 19 (Andrej Sekera 10, Jason Spezza 30) at 8:52
Penalties :
Ilya Kovalchuk (Vgs) for Hooking (Minor) at 0:22, Tyler Cuma (SJS) for Roughing (Minor) at 1:17, Mathew Dumba (Vgs) for Hooking (Minor) at 4:04, Oskar Osala (SJS) for Delaying the game (Minor) at 11:28, Andrei Loktionov (Vgs) for Holding (Minor) at 19:14
3rd period
8. Sharks , Oskar Osala 13 (Brandon Dubinsky 8) at 2:47
9. Sharks , Bobby Butler 5 (Luke Adam 10, Milan Michalek 11) at 7:15
10. Sharks , Tyler Cuma 4 (Brandon Dubinsky 9) at 18:18
11. Golden Knights , Jared Cowen 5 (Wes O'Neill 10, Patrice Cormier 4) at 19:08
12. Golden Knights , Michael Frolik 29 (Andrei Loktionov 30) at 19:24
Penalties :
Matt Stajan (Vgs) for Tripping (Minor) at 5:02, Milan Michalek (SJS) for Hooking (Minor) at 19:36
Overtime #1
13. Golden Knights , Vladimir Mihalik 1 (Jared Cowen 17) at 1:00 (PP)
Penalties :
No Penalty
Goalie Stats
Antti Niemi (SJS), 18 saves from 21 shots - (0.857), OTL, 1-2-1, 39:07 minutes
Ryan Miller (SJS), 14 saves from 18 shots - (0.778), 21:53 minutes
Ondrej Pavelec (Vgs), 33 saves from 39 shots - (0.846), W, 21-12-4, 60:50 minutes
Players Stats for Sharks
Player Name G A P +/- PIM S H SB GA TA FO MP PP MP PK MP
------------------------------------------------------------------------------------
Andrej Sekera 0 1 1 1 0 0 0 0 0 0 0/0 12:12 0:00 0:00
Bobby Butler 1 0 1 0 0 4 0 0 0 0 0/0 11:11 0:00 0:00
Boone Jenner 0 1 1 3 0 1 0 0 0 0 8/13 13:33 0:00 0:28
Brandon Dubinsky 0 3 3 3 2 1 0 0 0 1 0/0 16:42 2:31 1:01
Brayden McNabb 0 0 0 1 0 1 1 1 0 0 0/0 12:22 0:00 0:10
Drew Doughty 0 1 1 -2 0 6 0 1 3 3 0/0 29:39 4:01 4:19
Jason Spezza 0 2 2 -1 0 0 1 0 1 0 21/45 24:55 3:59 3:59
Jiri Tlusty 0 0 0 0 0 0 0 1 1 0 0/0 6:43 0:00 0:00
Karl Alzner 1 0 1 3 0 2 0 1 0 0 0/0 19:09 2:29 2:05
Luke Adam 0 1 1 0 0 4 0 0 0 0 3/7 11:11 0:00 0:00
Mike Cammalleri 1 0 1 -1 0 1 4 0 0 0 0/1 22:43 3:59 1:37
Milan Michalek 0 1 1 0 2 1 3 0 1 1 0/0 11:17 0:00 0:07
Nick Palmieri 1 0 1 -1 0 5 4 2 1 0 1/2 24:29 3:59 3:33
Oskar Osala 1 0 1 3 6 4 1 0 1 0 1/2 15:37 2:31 0:00
PK Subban 0 0 0 -2 0 2 0 3 0 6 0/0 29:39 4:01 4:19
T.J. Hensick 0 0 0 0 0 4 2 0 0 0 1/2 9:18 2:31 0:00
Tyler Cuma 1 0 1 3 2 1 0 2 2 1 0/0 18:58 2:29 1:55
Zach Boychuk 0 0 0 0 0 2 0 0 1 1 1/1 7:52 0:00 1:03
Players Stats for Golden Knights
Player Name G A P +/- PIM S H SB GA TA FO MP PP MP PK MP
------------------------------------------------------------------------------------
Andrei Loktionov 0 2 2 -1 2 3 2 0 0 1 12/26 17:37 2:37 0:00
Chris Higgins 1 0 1 1 0 4 1 1 1 0 1/2 12:46 0:00 0:00
Chris Tierney 0 0 0 1 0 0 0 1 0 0 10/19 16:32 0:00 3:18
Ilya Kovalchuk 0 0 0 -2 2 4 4 1 1 1 0/1 19:58 2:47 3:02
Jared Cowen 1 1 2 0 0 3 1 2 0 1 0/0 24:28 2:46 3:43
Mathew Dumba 0 1 1 -2 2 1 1 1 0 2 0/0 21:41 2:38 2:24
Matt Stajan 0 0 0 -3 2 1 0 2 2 0 6/14 15:02 2:47 0:00
Michael Frolik 3 1 4 -1 0 7 1 0 1 0 3/4 16:36 2:37 0:00
Michael Kostka 0 0 0 -2 0 1 1 1 0 0 0/0 18:13 0:00 3:20
Patrice Cormier 0 1 1 0 0 0 0 0 0 0 5/6 12:28 0:00 3:12
Sergei Plotnikov 0 1 1 -1 0 2 3 0 0 1 0/0 14:56 2:37 0:00
Shawn Matthias 0 0 0 0 0 0 1 1 0 0 0/0 9:25 0:00 0:18
Steve Bernier 0 0 0 1 0 0 0 1 0 0 0/1 9:28 0:00 0:00
Vladimir Mihalik 1 0 1 -1 0 2 1 0 1 2 0/0 14:27 0:00 0:00
Vladimir Zharkov 0 0 0 -2 0 2 0 0 1 0 0/0 14:33 2:47 0:00
Wayne Simmonds 0 1 1 1 0 2 2 0 1 1 0/0 15:56 0:00 3:10
Wes O'Neill 0 1 1 1 0 1 0 1 3 1 0/0 23:22 2:46 3:33
Zach Bogosian 1 2 3 0 0 6 0 1 2 1 0/0 19:58 2:38 0:00
3 Stars
1 - Michael Frolik (Vgs)
2 - Zach Bogosian (Vgs)
3 - Jared Cowen (Vgs)
Power Play
Sharks - 1 on 4 Attempt(s) - 25.00%
Golden Knights - 4 on 6 Attempt(s) - 66.67%
Penalty Kill
Sharks - 2 on 6 Attempt(s) - 33.33%
- Score 0 goal in Penalty Kill
Golden Knights - 3 on 4 Attempt(s) - 75.00%
- Score 0 goal in Penalty Kill
Team Stat
Sharks - Hits : 16 - Faceoff Wins : 36 - Blocked Shots : 11 - Penalty Minutes : 12
Golden Knights - Hits : 18 - Faceoff Wins : 37 - Blocked Shots : 13 - Penalty Minutes : 8
Official
Referees : Unknown
Linesman : Unknown
Game Notes
Antti Niemi enters game at 1:53 of 2nd period
Michael Frolik has scored a Hat Trick!
Finance
Level 1 -- Attendance: 6000 (100.00%) -- Ticket Income $558,000
Level 2 -- Attendance: 5000 (100.00%) -- Ticket Income $295,000
Level 3 -- Attendance: 2000 (100.00%) -- Ticket Income $78,000
Level 4 -- Attendance: 3803 (95.08%) -- Ticket Income $102,681
Luxury Box -- Attendance: 979 (97.90%) -- Ticket Income $156,640
Game was played at the Duff Garden.
Total Attendance: 17782 (98.79%)
Total Ticket Income: $1,190,321
Other Income: $178,548
Total Income: $1,368,869
Sharks
5 vs 5 Forward
Center Left Wing Right Wing Time % Phy DF OF
1 Jason Spezza Mike Cammalleri Nick Palmieri 40 1 2 2
2 Boone Jenner Brandon Dubinsky Oskar Osala 30 1 2 2
3 Luke Adam Milan Michalek Bobby Butler 20 1 2 2
4 T.J. Hensick Zach Boychuk Jiri Tlusty 10 1 2 2
5 vs 5 Defense
Defense Defense Time % Phy DF OF
1 Drew Doughty PK Subban 40 1 2 2
2 Tyler Cuma Karl Alzner 30 1 2 2
3 Andrej Sekera Brayden McNabb 20 1 2 2
4 Drew Doughty PK Subban 10 1 2 2
PowerPlay Forward
Center Left Wing Right Wing Time % Phy DF OF
1 Jason Spezza Mike Cammalleri Nick Palmieri 60 1 2 2
2 T.J. Hensick Brandon Dubinsky Oskar Osala 40 1 2 2
PowerPlay Defense
Defense Defense Time % Phy DF OF
1 Drew Doughty PK Subban 60 1 2 2
2 Tyler Cuma Karl Alzner 40 1 2 2
Penalty Kill 4 Players Forward
Center Wing Time % Phy DF OF
1 Jason Spezza Nick Palmieri 60 1 4 0
2 Mike Cammalleri Brandon Dubinsky 40 1 4 0
Penalty Kill 4 Players Defense
Defense Defense Time % Phy DF OF
1 Drew Doughty PK Subban 60 1 4 0
2 Tyler Cuma Karl Alzner 40 1 4 0
Penalty Kill - 3 Players Forward
Forward Time % Phy DF OF
1 Jason Spezza 60 1 4 0
2 Nick Palmieri 40 1 4 0
Penalty Kill - 3 Players Defense
Defense Defense Time % Phy DF OF
1 Drew Doughty PK Subban 60 1 4 0
2 Tyler Cuma Karl Alzner 40 1 4 0
4 vs 4 Forward
Center Wing Time % Phy DF OF
1 Jason Spezza Nick Palmieri 60 1 2 2
2 Mike Cammalleri Brandon Dubinsky 40 1 2 2
4 vs 4 Defense
Defense Defense Time % Phy DF OF
1 Drew Doughty PK Subban 60 1 2 2
2 Tyler Cuma Karl Alzner 40 1 2 2
Last Minutes Offensive
Center Left Wing Right Wing Defense Defense
Jason Spezza Mike Cammalleri Nick Palmieri Drew Doughty PK Subban
Last Minutes Defensive
Center Left Wing Right Wing Defense Defense
Jason Spezza Mike Cammalleri Nick Palmieri Drew Doughty PK Subban
Goaltenders
Starting : Ryan Miller
Backup : Antti Niemi
Extra Forwards
Normal : Milan Michalek, Bobby Butler, Zach Boychuk - PP : Milan Michalek, Bobby Butler - PK : Zach Boychuk
Extra Defensemen
Normal : Andrej Sekera, Brayden McNabb, Tyler Cuma - PP : Andrej Sekera - PK : Brayden McNabb, Tyler Cuma
Penalty Shots
Jason Spezza, Nick Palmieri, Mike Cammalleri, Brandon Dubinsky, Milan Michalek
Scratches
David Rundblad (Healthy)
Golden Knights
5 vs 5 Forward
Center Left Wing Right Wing Time % Phy DF OF
1 Andrei Loktionov Ilya Kovalchuk Michael Frolik 33 1 2 2
2 Matt Stajan Sergei Plotnikov Vladimir Zharkov 26 1 2 2
3 Chris Tierney Chris Higgins Wayne Simmonds 26 1 2 2
4 Patrice Cormier Shawn Matthias Steve Bernier 15 1 2 2
5 vs 5 Defense
Defense Defense Time % Phy DF OF
1 Zach Bogosian Mathew Dumba 35 1 2 2
2 Wes O'Neill Jared Cowen 35 1 2 2
3 Vladimir Mihalik Michael Kostka 30 1 2 2
4 Zach Bogosian Jared Cowen 0 1 2 2
PowerPlay Forward
Center Left Wing Right Wing Time % Phy DF OF
1 Andrei Loktionov Sergei Plotnikov Michael Frolik 50 1 2 2
2 Matt Stajan Ilya Kovalchuk Vladimir Zharkov 50 1 2 2
PowerPlay Defense
Defense Defense Time % Phy DF OF
1 Zach Bogosian Mathew Dumba 50 1 2 2
2 Wes O'Neill Jared Cowen 50 1 2 2
Penalty Kill 4 Players Forward
Center Wing Time % Phy DF OF
1 Chris Tierney Ilya Kovalchuk 50 1 2 2
2 Patrice Cormier Wayne Simmonds 50 1 2 2
Penalty Kill 4 Players Defense
Defense Defense Time % Phy DF OF
1 Wes O'Neill Jared Cowen 50 1 2 2
2 Michael Kostka Mathew Dumba 50 1 2 2
Penalty Kill - 3 Players Forward
Forward Time % Phy DF OF
1 Ilya Kovalchuk 60 1 2 2
2 Chris Higgins 40 1 2 2
Penalty Kill - 3 Players Defense
Defense Defense Time % Phy DF OF
1 Vladimir Mihalik Jared Cowen 69 1 2 2
2 Michael Kostka Wes O'Neill 31 1 2 2
4 vs 4 Forward
Center Wing Time % Phy DF OF
1 Andrei Loktionov Steve Bernier 60 1 2 2
2 Matt Stajan Sergei Plotnikov 40 1 2 2
4 vs 4 Defense
Defense Defense Time % Phy DF OF
1 Zach Bogosian Michael Kostka 60 1 2 2
2 Vladimir Mihalik Jared Cowen 40 1 2 2
Last Minutes Offensive
Center Left Wing Right Wing Defense Defense
Andrei Loktionov Sergei Plotnikov Michael Frolik Zach Bogosian Wes O'Neill
Last Minutes Defensive
Center Left Wing Right Wing Defense Defense
Matt Stajan Ilya Kovalchuk Michael Frolik Michael Kostka Jared Cowen
Goaltenders
Starting : Ondrej Pavelec
Backup : Matt Hackett
Extra Forwards
Normal : Patrice Cormier, Steve Bernier, Shawn Matthias - PP : Patrice Cormier, Steve Bernier - PK : Shawn Matthias
Extra Defensemen
Normal : Vladimir Mihalik, Wes O'Neill, Michael Kostka - PP : Vladimir Mihalik - PK : Wes O'Neill, Michael Kostka
Penalty Shots
Michael Frolik, Ilya Kovalchuk, Andrei Loktionov, Matt Stajan, Wayne Simmonds
Scratches
None
% Time on Ice - Sharks
Lines # - Real PCT - Wanted PCT - Time Play
Normal Forward
1 - 35% - 40% - 16:45
2 - 28% - 30% - 13:11
3 - 23% - 20% - 11:11
4 - 14% - 10% - 6:43
Normal Defense
1 - 40% - 40% - 19:09
2 - 30% - 30% - 14:35
3 - 26% - 20% - 12:12
4 - 4% - 10% - 1:54
PP Forward
1 - 61% - 60% - 3:59
2 - 39% - 40% - 2:31
PP Defense
1 - 62% - 60% - 4:01
2 - 38% - 40% - 2:29
PK Forward
1 - 77% - 60% - 4:10
2 - 23% - 40% - 1:14
PK Defense
1 - 68% - 60% - 3:41
2 - 32% - 40% - 1:43
PK3 Forward
1 - 78% - 60% - 0:47
2 - 22% - 40% - 0:13
PK3 Defense
1 - 63% - 60% - 0:38
2 - 37% - 40% - 0:22
44 Forward
1 - 0% - 60%
2 - 0% - 40%
44 Defense
1 - 0% - 60%
2 - 0% - 40%
Last Minute Offensive - 0:00
Last Minute Defensive - 0:16
Total
Forward - 61:00
Defense - 61:00
|
% Time on Ice - Golden Knights
Lines # - Real PCT - Wanted PCT - Time Play
Normal Forward
1 - 30% - 33% - 14:11
2 - 25% - 26% - 12:00
3 - 27% - 26% - 12:46
4 - 19% - 15% - 8:53
Normal Defense
1 - 35% - 35% - 16:34
2 - 35% - 35% - 16:43
3 - 29% - 30% - 13:54
4 - 1% - 0% - 0:39
PP Forward
1 - 48% - 50% - 2:37
2 - 52% - 50% - 2:47
PP Defense
1 - 49% - 50% - 2:38
2 - 51% - 50% - 2:46
PK Forward
1 - 51% - 50% - 3:18
2 - 49% - 50% - 3:12
PK Defense
1 - 49% - 50% - 3:10
2 - 51% - 50% - 3:20
PK3 Forward
1 - 0% - 60%
2 - 0% - 40%
PK3 Defense
1 - 0% - 69%
2 - 0% - 31%
44 Forward
1 - 73% - 60% - 0:44
2 - 27% - 40% - 0:16
44 Defense
1 - 45% - 60% - 0:27
2 - 55% - 40% - 0:33
Last Minute Offensive - 0:16
Last Minute Defensive - 0:00
Total
Forward - 61:00
Defense - 61:00
|
Play-by-Play
1st period
0:01 of 1st period - Jason Spezza wins face-off versus Andrei Loktionov in neutral zone.
0:58 of 1st period - Slapshot by Zach Bogosian.
0:58 of 1st period - Stopped by Ryan Miller with a rebound.
1:00 of 1st period - Wrist shot by Vladimir Zharkov.
1:00 of 1st period - Stopped by Ryan Miller without a rebound.
1:01 of 1st period - Chris Tierney wins face-off versus Luke Adam in Sharks zone.
1:26 of 1st period - Tyler Cuma is hit by Shawn Matthias and loses puck.
2:22 of 1st period - Snap shot by Luke Adam.
2:22 of 1st period - Stopped by Ondrej Pavelec with a rebound.
3:05 of 1st period - Zach Bogosian is hit by T.J. Hensick and loses puck.
4:38 of 1st period - Jared Cowen is hit by Milan Michalek and loses puck.
4:59 of 1st period - Vladimir Mihalik is hit by Mike Cammalleri and loses puck.
5:24 of 1st period - Wrist shot by Vladimir Zharkov.
5:24 of 1st period - Deflect By Matt Stajan.
5:24 of 1st period - Stopped by Ryan Miller without a rebound.
5:25 of 1st period - Boone Jenner wins face-off versus Matt Stajan in Sharks zone.
5:25 of 1st period - Boone Jenner is hit by Sergei Plotnikov.
5:44 of 1st period - Tyler Cuma is hit by Sergei Plotnikov and loses puck.
6:05 of 1st period - Wrist shot by Matt Stajan.
6:05 of 1st period - Deflect By Vladimir Zharkov.
6:05 of 1st period - Shot Misses the Net.
6:05 of 1st period - Puck is out of play.
6:06 of 1st period - Andrei Loktionov wins face-off versus Jason Spezza in Sharks zone.
6:09 of 1st period - Wrist shot by Ilya Kovalchuk.
6:09 of 1st period - Stopped by Ryan Miller without a rebound.
6:10 of 1st period - Jason Spezza wins face-off versus Andrei Loktionov in Sharks zone.
6:15 of 1st period - Vladimir Mihalik is hit by Nick Palmieri and loses puck.
6:43 of 1st period - PK Subban is hit by Vladimir Mihalik and loses puck.
7:15 of 1st period - Minor Penalty to Oskar Osala for Roughing.
7:16 of 1st period - Andrei Loktionov wins face-off versus Jason Spezza in Sharks zone.
7:17 of 1st period - Wrist shot by Michael Frolik.
7:17 of 1st period - Shot Blocked by PK Subban.
7:19 of 1st period - Slapshot by Andrei Loktionov.
7:19 of 1st period - Shot Blocked by Drew Doughty.
7:21 of 1st period - Slapshot by Mathew Dumba.
7:21 of 1st period - Shot Blocked by PK Subban.
7:25 of 1st period - Snap shot by Michael Frolik.
7:25 of 1st period - Goal by Michael Frolik - Sharks : 0 - Golden Knights : 1.
7:26 of 1st period - Jason Spezza wins face-off versus Andrei Loktionov in neutral zone.
7:28 of 1st period - Off-side.
7:29 of 1st period - Andrei Loktionov wins face-off versus Jason Spezza in neutral zone.
7:34 of 1st period - Wrist shot by Andrei Loktionov.
7:34 of 1st period - Deflect By Michael Frolik.
7:34 of 1st period - Shot Misses the Net.
7:34 of 1st period - Puck is out of play.
7:35 of 1st period - Nick Palmieri wins face-off versus Andrei Loktionov in Sharks zone.
7:40 of 1st period - Slapshot by Drew Doughty.
7:40 of 1st period - Stopped by Ondrej Pavelec with a rebound.
8:14 of 1st period - Wrist shot by Ilya Kovalchuk.
8:14 of 1st period - Shot Hit the Post.
8:16 of 1st period - Snap shot by Ilya Kovalchuk.
8:16 of 1st period - Shot Misses the Net.
8:18 of 1st period - Slapshot by Jared Cowen.
8:18 of 1st period - Shot Misses the Net.
8:20 of 1st period - Snap shot by Andrei Loktionov.
8:20 of 1st period - Shot Misses the Net.
8:24 of 1st period - Snap shot by Michael Frolik.
8:24 of 1st period - Shot Hit the Post.
8:26 of 1st period - Snap shot by Ilya Kovalchuk.
8:26 of 1st period - Stopped by Ryan Miller without a rebound.
8:27 of 1st period - Chris Higgins wins face-off versus Luke Adam in Sharks zone.
8:38 of 1st period - Snap shot by Chris Higgins.
8:38 of 1st period - Goal by Chris Higgins - Sharks : 0 - Golden Knights : 2.
8:39 of 1st period - Boone Jenner wins face-off versus Chris Higgins in neutral zone.
8:41 of 1st period - Minor Penalty to Brandon Dubinsky for Hooking.
8:42 of 1st period - Jason Spezza wins face-off versus Matt Stajan in Sharks zone.
8:58 of 1st period - Snap shot by Ilya Kovalchuk.
8:58 of 1st period - Stopped by Ryan Miller with a rebound.
10:41 of 1st period - Penalty to Brandon Dubinsky is over, Brandon Dubinsky is back on ice.
10:46 of 1st period - Wrist shot by Chris Higgins.
10:46 of 1st period - Stopped by Ryan Miller without a rebound.
10:47 of 1st period - Boone Jenner wins face-off versus Chris Tierney in Sharks zone.
10:55 of 1st period - Minor Penalty to Oskar Osala for High sticking.
10:56 of 1st period - Michael Frolik wins face-off versus Jason Spezza in Sharks zone.
11:12 of 1st period - Snap shot by Michael Frolik.
11:12 of 1st period - Goal by Michael Frolik - Sharks : 0 - Golden Knights : 3.
11:13 of 1st period - Jason Spezza wins face-off versus Andrei Loktionov in neutral zone.
11:16 of 1st period - Slapshot by Drew Doughty.
11:16 of 1st period - Stopped by Ondrej Pavelec without a rebound.
11:17 of 1st period - Michael Frolik wins face-off versus Jason Spezza in Golden Knights zone.
11:22 of 1st period - Slapshot by Zach Bogosian.
11:22 of 1st period - Shot Misses the Net.
11:24 of 1st period - Snap shot by Zach Bogosian.
11:24 of 1st period - Stopped by Ryan Miller without a rebound.
11:25 of 1st period - Chris Tierney wins face-off versus Jason Spezza in Sharks zone.
11:52 of 1st period - Michael Frolik is hit by Milan Michalek.
12:20 of 1st period - Slapshot by Jared Cowen.
12:20 of 1st period - Stopped by Ryan Miller with a rebound.
12:54 of 1st period - Snap shot by T.J. Hensick.
12:54 of 1st period - Stopped by Ondrej Pavelec without a rebound.
12:55 of 1st period - Zach Boychuk wins face-off versus Chris Tierney in Golden Knights zone.
13:02 of 1st period - Wrist shot by Zach Boychuk.
13:02 of 1st period - Stopped by Ondrej Pavelec without a rebound.
13:03 of 1st period - Jason Spezza wins face-off versus Andrei Loktionov in Golden Knights zone.
14:13 of 1st period - Steve Bernier is hit by T.J. Hensick and loses puck.
14:18 of 1st period - Slapshot by Jiri Tlusty.
14:18 of 1st period - Shot Misses the Net.
14:34 of 1st period - Nick Palmieri is hit by Michael Frolik and loses puck.
14:41 of 1st period - Snap shot by Michael Frolik.
14:41 of 1st period - Shot Misses the Net.
14:43 of 1st period - Snap shot by Michael Frolik.
14:43 of 1st period - Stopped by Ryan Miller with a rebound.
15:09 of 1st period - Snap shot by Wayne Simmonds.
15:09 of 1st period - Shot Misses the Net.
15:29 of 1st period - Snap shot by Matt Stajan.
15:29 of 1st period - Shot Misses the Net.
15:51 of 1st period - Snap shot by Bobby Butler.
15:51 of 1st period - Stopped by Ondrej Pavelec with a rebound.
15:53 of 1st period - Slapshot by Andrej Sekera.
15:53 of 1st period - Shot Hit the Post.
16:13 of 1st period - Wrist shot by Zach Boychuk.
16:13 of 1st period - Shot Misses the Net.
17:06 of 1st period - Patrice Cormier is hit by Nick Palmieri and loses puck.
17:27 of 1st period - Nick Palmieri is hit by Ilya Kovalchuk and loses puck.
18:08 of 1st period - Snap shot by Matt Stajan.
18:08 of 1st period - Shot Misses the Net.
18:10 of 1st period - Slapshot by Michael Kostka.
18:10 of 1st period - Shot Misses the Net.
18:12 of 1st period - Wrist shot by Vladimir Zharkov.
18:12 of 1st period - Stopped by Ryan Miller with a rebound.
18:14 of 1st period - Slapshot by Sergei Plotnikov.
18:14 of 1st period - Stopped by Ryan Miller with a rebound.
18:16 of 1st period - Slapshot by Vladimir Mihalik.
18:16 of 1st period - Deflect By Sergei Plotnikov.
18:16 of 1st period - Shot Misses the Net.
18:16 of 1st period - Puck is out of play.
18:17 of 1st period - Andrei Loktionov wins face-off versus Oskar Osala in Sharks zone.
18:30 of 1st period - Snap shot by Ilya Kovalchuk.
18:30 of 1st period - Stopped by Ryan Miller without a rebound.
18:31 of 1st period - Andrei Loktionov wins face-off versus Nick Palmieri in Sharks zone.
19:15 of 1st period - Snap shot by Nick Palmieri.
19:15 of 1st period - Shot Blocked by Mathew Dumba.
19:17 of 1st period - Slapshot by Andrej Sekera.
19:17 of 1st period - Shot Blocked by Chris Higgins.
19:19 of 1st period - Slapshot by Brayden McNabb.
19:19 of 1st period - Stopped by Ondrej Pavelec without a rebound.
19:20 of 1st period - Boone Jenner wins face-off versus Ilya Kovalchuk in Golden Knights zone.
19:30 of 1st period - Off-side.
19:31 of 1st period - Boone Jenner wins face-off versus Matt Stajan in neutral zone.
19:36 of 1st period - Slapshot by PK Subban.
19:36 of 1st period - Shot Misses the Net.
19:38 of 1st period - Snap shot by Oskar Osala.
19:38 of 1st period - Stopped by Ondrej Pavelec with a rebound.
19:40 of 1st period - Slapshot by PK Subban.
19:40 of 1st period - Stopped by Ondrej Pavelec without a rebound.
19:41 of 1st period - Boone Jenner wins face-off versus Matt Stajan in Golden Knights zone.
19:50 of 1st period - Snap shot by Boone Jenner.
19:50 of 1st period - Stopped by Ondrej Pavelec without a rebound.
19:51 of 1st period - Jason Spezza wins face-off versus Michael Frolik in Golden Knights zone.
Goals for this period are 0 for Sharks vs 3 for Golden Knights.
Shots for this period are 10 for Sharks vs 16 for Golden Knights.
2nd period
0:01 of 2nd period - Andrei Loktionov wins face-off versus Jason Spezza in neutral zone.
0:22 of 2nd period - Minor Penalty to Ilya Kovalchuk for Hooking.
0:23 of 2nd period - Chris Tierney wins face-off versus Jason Spezza in Golden Knights zone.
0:53 of 2nd period - Slapshot by Drew Doughty.
0:53 of 2nd period - Shot Blocked by Jared Cowen.
0:55 of 2nd period - Snap shot by Drew Doughty.
0:55 of 2nd period - Deflect By Mike Cammalleri.
0:55 of 2nd period - Goal by Mike Cammalleri - Sharks : 1 - Golden Knights : 3.
0:56 of 2nd period - Matt Stajan wins face-off versus Boone Jenner in neutral zone.
1:01 of 2nd period - Backhand shot by Matt Stajan.
1:01 of 2nd period - Shot Misses the Net.
1:03 of 2nd period - Slapshot by Mathew Dumba.
1:03 of 2nd period - Shot Misses the Net.
1:05 of 2nd period - Snap shot by Matt Stajan.
1:05 of 2nd period - Shot Misses the Net.
1:17 of 2nd period - Minor Penalty to Tyler Cuma for Roughing.
1:18 of 2nd period - Jason Spezza wins face-off versus Matt Stajan in Sharks zone.
1:31 of 2nd period - Backhand shot by Drew Doughty.
1:31 of 2nd period - Stopped by Ondrej Pavelec with a rebound.
1:49 of 2nd period - Snap shot by Michael Frolik.
1:49 of 2nd period - Stopped by Ryan Miller with a rebound.
1:51 of 2nd period - Slapshot by Sergei Plotnikov.
1:51 of 2nd period - Shot Misses the Net.
1:53 of 2nd period - Slapshot by Zach Bogosian.
1:53 of 2nd period - Goal by Zach Bogosian - Sharks : 1 - Golden Knights : 4.
1:53 of 2nd period - Antti Niemi enters game.
1:54 of 2nd period - Chris Tierney wins face-off versus Jason Spezza in neutral zone.
2:21 of 2nd period - Drew Doughty is hit by Ilya Kovalchuk and loses puck.
3:10 of 2nd period - Snap shot by PK Subban.
3:10 of 2nd period - Stopped by Ondrej Pavelec without a rebound.
3:11 of 2nd period - Jason Spezza wins face-off versus Andrei Loktionov in Golden Knights zone.
4:04 of 2nd period - Minor Penalty to Mathew Dumba for Hooking.
4:05 of 2nd period - Chris Tierney wins face-off versus Jason Spezza in Golden Knights zone.
4:16 of 2nd period - Backhand shot by Wes O'Neill.
4:16 of 2nd period - Shot Blocked by Nick Palmieri.
4:18 of 2nd period - Wrist shot by Jared Cowen.
4:18 of 2nd period - Shot Misses the Net.
4:46 of 2nd period - Backhand shot by Drew Doughty.
4:46 of 2nd period - Deflect By T.J. Hensick.
4:46 of 2nd period - Shot Misses the Net.
4:46 of 2nd period - Puck is out of play.
4:47 of 2nd period - Jason Spezza wins face-off versus Chris Tierney in Golden Knights zone.
5:12 of 2nd period - Wrist shot by Wayne Simmonds.
5:12 of 2nd period - Stopped by Antti Niemi without a rebound.
5:13 of 2nd period - Patrice Cormier wins face-off versus Jason Spezza in Sharks zone.
5:18 of 2nd period - Snap shot by Michael Kostka.
5:18 of 2nd period - Stopped by Antti Niemi with a rebound.
5:28 of 2nd period - Wrist shot by Nick Palmieri.
5:28 of 2nd period - Stopped by Ondrej Pavelec without a rebound.
5:29 of 2nd period - Oskar Osala wins face-off versus Chris Tierney in Golden Knights zone.
5:32 of 2nd period - Snap shot by T.J. Hensick.
5:32 of 2nd period - Shot Blocked by Wes O'Neill.
6:04 of 2nd period - Penalty to Mathew Dumba is over, Mathew Dumba is back on ice.
6:54 of 2nd period - Slapshot by T.J. Hensick.
6:54 of 2nd period - Stopped by Ondrej Pavelec with a rebound.
7:12 of 2nd period - Slapshot by Brandon Dubinsky.
7:12 of 2nd period - Stopped by Ondrej Pavelec with a rebound.
7:14 of 2nd period - Snap shot by Boone Jenner.
7:14 of 2nd period - Shot Misses the Net.
7:16 of 2nd period - Snap shot by Karl Alzner.
7:16 of 2nd period - Goal by Karl Alzner - Sharks : 2 - Golden Knights : 4.
7:17 of 2nd period - Chris Tierney wins face-off versus Jason Spezza in neutral zone.
7:49 of 2nd period - Snap shot by Michael Frolik.
7:49 of 2nd period - Shot Blocked by Brayden McNabb.
8:14 of 2nd period - Wrist shot by Luke Adam.
8:14 of 2nd period - Shot Misses the Net.
8:26 of 2nd period - Andrej Sekera is hit by Jared Cowen and loses puck.
8:40 of 2nd period - Icing by Andrej Sekera.
8:41 of 2nd period - Jason Spezza wins face-off versus Andrei Loktionov in Sharks zone.
8:50 of 2nd period - Slapshot by Jason Spezza.
8:50 of 2nd period - Shot Misses the Net.
8:52 of 2nd period - Slapshot by Andrej Sekera.
8:52 of 2nd period - Deflect By Nick Palmieri.
8:52 of 2nd period - Goal by Nick Palmieri - Sharks : 3 - Golden Knights : 4.
8:53 of 2nd period - Jason Spezza wins face-off versus Chris Tierney in neutral zone.
9:23 of 2nd period - Slapshot by Tyler Cuma.
9:23 of 2nd period - Deflect By Brandon Dubinsky.
9:23 of 2nd period - Shot Blocked by Jared Cowen.
9:23 of 2nd period - Puck is out of play.
9:24 of 2nd period - Boone Jenner wins face-off versus Andrei Loktionov in Golden Knights zone.
9:35 of 2nd period - Boone Jenner is hit by Andrei Loktionov and loses puck.
10:01 of 2nd period - Off-side.
10:02 of 2nd period - Chris Tierney wins face-off versus Jason Spezza in neutral zone.
10:29 of 2nd period - Bobby Butler is hit by Sergei Plotnikov.
11:28 of 2nd period - Minor Penalty to Oskar Osala for Delaying the game.
11:29 of 2nd period - Jason Spezza wins face-off versus Andrei Loktionov in Sharks zone.
13:28 of 2nd period - Penalty to Oskar Osala is over, Oskar Osala is back on ice.
13:43 of 2nd period - Wrist shot by Luke Adam.
13:43 of 2nd period - Stopped by Ondrej Pavelec without a rebound.
13:44 of 2nd period - Patrice Cormier wins face-off versus Luke Adam in Golden Knights zone.
15:14 of 2nd period - Slapshot by Drew Doughty.
15:14 of 2nd period - Stopped by Ondrej Pavelec with a rebound.
15:16 of 2nd period - Wrist shot by PK Subban.
15:16 of 2nd period - Shot Blocked by Chris Tierney.
15:18 of 2nd period - Slapshot by Bobby Butler.
15:18 of 2nd period - Stopped by Ondrej Pavelec without a rebound.
15:19 of 2nd period - Matt Stajan wins face-off versus Jason Spezza in Golden Knights zone.
15:19 of 2nd period - Matt Stajan is hit by Nick Palmieri.
15:25 of 2nd period - Snap shot by Sergei Plotnikov.
15:25 of 2nd period - Shot Misses the Net.
15:27 of 2nd period - Wrist shot by Sergei Plotnikov.
15:27 of 2nd period - Stopped by Antti Niemi without a rebound.
15:28 of 2nd period - Matt Stajan wins face-off versus Jason Spezza in Sharks zone.
15:49 of 2nd period - Slapshot by Jared Cowen.
15:49 of 2nd period - Stopped by Antti Niemi with a rebound.
15:51 of 2nd period - Slapshot by Wes O'Neill.
15:51 of 2nd period - Stopped by Antti Niemi without a rebound.
15:52 of 2nd period - Andrei Loktionov wins face-off versus Boone Jenner in Sharks zone.
15:53 of 2nd period - Snap shot by Ilya Kovalchuk.
15:53 of 2nd period - Shot Blocked by Tyler Cuma.
15:55 of 2nd period - Backhand shot by Mathew Dumba.
15:55 of 2nd period - Deflect By Michael Frolik.
15:55 of 2nd period - Stopped by Antti Niemi without a rebound.
15:56 of 2nd period - Andrei Loktionov wins face-off versus Boone Jenner in Sharks zone.
16:03 of 2nd period - Snap shot by Michael Frolik.
16:03 of 2nd period - Stopped by Antti Niemi with a rebound.
16:05 of 2nd period - Slapshot by Zach Bogosian.
16:05 of 2nd period - Stopped by Antti Niemi without a rebound.
16:06 of 2nd period - Jason Spezza wins face-off versus Andrei Loktionov in Sharks zone.
16:06 of 2nd period - Jason Spezza is hit by Andrei Loktionov.
17:19 of 2nd period - Snap shot by Jason Spezza.
17:19 of 2nd period - Shot Misses the Net.
18:23 of 2nd period - Snap shot by Chris Higgins.
18:23 of 2nd period - Shot Misses the Net.
18:25 of 2nd period - Slapshot by Vladimir Mihalik.
18:25 of 2nd period - Stopped by Antti Niemi with a rebound.
19:05 of 2nd period - T.J. Hensick is hit by Ilya Kovalchuk and loses puck.
19:14 of 2nd period - Minor Penalty to Andrei Loktionov for Holding.
19:15 of 2nd period - Jason Spezza wins face-off versus Chris Tierney in Golden Knights zone.
19:20 of 2nd period - Wrist shot by Nick Palmieri.
19:20 of 2nd period - Stopped by Ondrej Pavelec without a rebound.
19:21 of 2nd period - Chris Tierney wins face-off versus Jason Spezza in Golden Knights zone.
19:54 of 2nd period - Wrist shot by Oskar Osala.
19:54 of 2nd period - Stopped by Ondrej Pavelec with a rebound.
19:56 of 2nd period - Wrist shot by Oskar Osala.
19:56 of 2nd period - Shot Misses the Net.
Goals for this period are 3 for Sharks vs 1 for Golden Knights.
Shots for this period are 13 for Sharks vs 11 for Golden Knights.
3rd period
0:01 of 3rd period - Patrice Cormier wins face-off versus Mike Cammalleri in neutral zone.
0:54 of 3rd period - Jason Spezza is hit by Michael Kostka and loses puck.
1:14 of 3rd period - Penalty to Andrei Loktionov is over, Andrei Loktionov is back on ice.
1:17 of 3rd period - Wrist shot by Andrei Loktionov.
1:17 of 3rd period - Shot Blocked by Karl Alzner.
1:31 of 3rd period - Wrist shot by Luke Adam.
1:31 of 3rd period - Stopped by Ondrej Pavelec without a rebound.
1:32 of 3rd period - T.J. Hensick wins face-off versus Matt Stajan in Golden Knights zone.
1:43 of 3rd period - Slapshot by Zach Bogosian.
1:43 of 3rd period - Stopped by Antti Niemi with a rebound.
1:55 of 3rd period - Shawn Matthias is hit by Nick Palmieri.
2:47 of 3rd period - Wrist shot by Oskar Osala.
2:47 of 3rd period - Goal by Oskar Osala - Sharks : 4 - Golden Knights : 4.
2:48 of 3rd period - Andrei Loktionov wins face-off versus Boone Jenner in neutral zone.
2:50 of 3rd period - Off-side.
2:51 of 3rd period - Andrei Loktionov wins face-off versus Boone Jenner in neutral zone.
3:26 of 3rd period - Backhand shot by Nick Palmieri.
3:26 of 3rd period - Shot Misses the Net.
4:46 of 3rd period - Vladimir Mihalik is hit by Mike Cammalleri and loses puck.
4:56 of 3rd period - Wrist shot by Andrej Sekera.
4:56 of 3rd period - Shot Blocked by Matt Stajan.
5:02 of 3rd period - Minor Penalty to Matt Stajan for Tripping.
5:03 of 3rd period - Jason Spezza wins face-off versus Chris Tierney in Golden Knights zone.
5:16 of 3rd period - Snap shot by Nick Palmieri.
5:16 of 3rd period - Shot Blocked by Michael Kostka.
5:18 of 3rd period - Snap shot by PK Subban.
5:18 of 3rd period - Deflect By Mike Cammalleri.
5:18 of 3rd period - Shot Blocked by Ilya Kovalchuk.
5:18 of 3rd period - Puck is out of play.
5:19 of 3rd period - Patrice Cormier wins face-off versus Jason Spezza in Golden Knights zone.
5:27 of 3rd period - Michael Kostka is hit by Mike Cammalleri and loses puck.
7:02 of 3rd period - Penalty to Matt Stajan is over, Matt Stajan is back on ice.
7:13 of 3rd period - Backhand shot by Luke Adam.
7:13 of 3rd period - Stopped by Ondrej Pavelec with a rebound.
7:15 of 3rd period - Wrist shot by Bobby Butler.
7:15 of 3rd period - Goal by Bobby Butler - Sharks : 5 - Golden Knights : 4.
7:16 of 3rd period - Boone Jenner wins face-off versus Andrei Loktionov in neutral zone.
7:19 of 3rd period - Andrei Loktionov is hit by Oskar Osala and loses puck.
7:32 of 3rd period - Slapshot by Oskar Osala.
7:32 of 3rd period - Stopped by Ondrej Pavelec with a rebound.
7:52 of 3rd period - Slapshot by Drew Doughty.
7:52 of 3rd period - Stopped by Ondrej Pavelec without a rebound.
7:53 of 3rd period - Jason Spezza wins face-off versus Matt Stajan in Golden Knights zone.
8:10 of 3rd period - Matt Stajan is hit by Mike Cammalleri and loses puck.
9:33 of 3rd period - Snap shot by T.J. Hensick.
9:33 of 3rd period - Stopped by Ondrej Pavelec without a rebound.
9:34 of 3rd period - Jason Spezza wins face-off versus Andrei Loktionov in Golden Knights zone.
9:59 of 3rd period - Brandon Dubinsky is hit by Chris Higgins and loses puck.
10:08 of 3rd period - Snap shot by Andrej Sekera.
10:08 of 3rd period - Shot Blocked by Zach Bogosian.
10:26 of 3rd period - Snap shot by Bobby Butler.
10:26 of 3rd period - Shot Misses the Net.
10:28 of 3rd period - Snap shot by Bobby Butler.
10:28 of 3rd period - Stopped by Ondrej Pavelec with a rebound.
10:38 of 3rd period - Slapshot by Drew Doughty.
10:38 of 3rd period - Stopped by Ondrej Pavelec without a rebound.
10:39 of 3rd period - Patrice Cormier wins face-off versus T.J. Hensick in Golden Knights zone.
10:44 of 3rd period - Slapshot by Vladimir Mihalik.
10:44 of 3rd period - Deflect By Steve Bernier.
10:44 of 3rd period - Shot Misses the Net.
10:44 of 3rd period - Puck is out of play.
10:45 of 3rd period - Jason Spezza wins face-off versus Andrei Loktionov in Sharks zone.
11:58 of 3rd period - Wrist shot by Zach Boychuk.
11:58 of 3rd period - Shot Blocked by Shawn Matthias.
12:00 of 3rd period - Snap shot by T.J. Hensick.
12:00 of 3rd period - Stopped by Ondrej Pavelec with a rebound.
12:02 of 3rd period - Snap shot by Jiri Tlusty.
12:02 of 3rd period - Shot Misses the Net.
12:56 of 3rd period - Tyler Cuma is hit by Wayne Simmonds and loses puck.
13:17 of 3rd period - Wrist shot by Matt Stajan.
13:17 of 3rd period - Shot Misses the Net.
13:32 of 3rd period - Wrist shot by Zach Boychuk.
13:32 of 3rd period - Stopped by Ondrej Pavelec with a rebound.
13:36 of 3rd period - Wrist shot by T.J. Hensick.
13:36 of 3rd period - Shot Misses the Net.
13:38 of 3rd period - Slapshot by Karl Alzner.
13:38 of 3rd period - Shot Blocked by Steve Bernier.
13:48 of 3rd period - Jason Spezza is hit by Ilya Kovalchuk and loses puck.
14:13 of 3rd period - Michael Kostka is hit by Brayden McNabb and loses puck.
14:28 of 3rd period - Snap shot by Luke Adam.
14:28 of 3rd period - Shot Misses the Net.
14:41 of 3rd period - Mathew Dumba is hit by Milan Michalek and loses puck.
14:54 of 3rd period - Snap shot by Milan Michalek.
14:54 of 3rd period - Stopped by Ondrej Pavelec without a rebound.
14:55 of 3rd period - Jason Spezza wins face-off versus Matt Stajan in Golden Knights zone.
14:56 of 3rd period - Snap shot by Nick Palmieri.
14:56 of 3rd period - Stopped by Ondrej Pavelec without a rebound.
14:57 of 3rd period - Matt Stajan wins face-off versus Jason Spezza in Golden Knights zone.
14:57 of 3rd period - Matt Stajan is hit by Jason Spezza.
15:02 of 3rd period - Off-side.
15:03 of 3rd period - Matt Stajan wins face-off versus Jason Spezza in neutral zone.
15:31 of 3rd period - Snap shot by Matt Stajan.
15:31 of 3rd period - Shot Misses the Net.
15:34 of 3rd period - Icing by PK Subban.
15:35 of 3rd period - Chris Tierney wins face-off versus Jason Spezza in Sharks zone.
15:36 of 3rd period - Snap shot by Wayne Simmonds.
15:36 of 3rd period - Stopped by Antti Niemi with a rebound.
15:38 of 3rd period - Slapshot by Mathew Dumba.
15:38 of 3rd period - Stopped by Antti Niemi with a rebound.
15:40 of 3rd period - Snap shot by Zach Bogosian.
15:40 of 3rd period - Stopped by Antti Niemi with a rebound.
15:42 of 3rd period - Slapshot by Zach Bogosian.
15:42 of 3rd period - Deflect By Chris Higgins.
15:42 of 3rd period - Stopped by Antti Niemi with a rebound.
16:04 of 3rd period - Wrist shot by Nick Palmieri.
16:04 of 3rd period - Stopped by Ondrej Pavelec without a rebound.
16:05 of 3rd period - Luke Adam wins face-off versus Steve Bernier in Golden Knights zone.
16:56 of 3rd period - Jiri Tlusty is hit by Mathew Dumba and loses puck.
17:01 of 3rd period - Snap shot by Andrei Loktionov.
17:01 of 3rd period - Shot Blocked by Jiri Tlusty.
17:03 of 3rd period - Snap shot by Andrei Loktionov.
17:03 of 3rd period - Stopped by Antti Niemi with a rebound.
17:15 of 3rd period - Wrist shot by Oskar Osala.
17:15 of 3rd period - Shot Blocked by Matt Stajan.
17:17 of 3rd period - Snap shot by Brandon Dubinsky.
17:17 of 3rd period - Shot Misses the Net.
17:59 of 3rd period - Snap shot by Nick Palmieri.
17:59 of 3rd period - Shot Misses the Net.
18:18 of 3rd period - Slapshot by Tyler Cuma.
18:18 of 3rd period - Goal by Tyler Cuma - Sharks : 6 - Golden Knights : 4.
18:19 of 3rd period - Luke Adam wins face-off versus Chris Tierney in neutral zone.
18:28 of 3rd period - Snap shot by Zach Bogosian.
18:28 of 3rd period - Shot Misses the Net.
18:30 of 3rd period - Snap shot by Chris Higgins.
18:30 of 3rd period - Shot Blocked by Tyler Cuma.
18:32 of 3rd period - Slapshot by Chris Higgins.
18:32 of 3rd period - Shot Misses the Net.
18:34 of 3rd period - Slapshot by Chris Tierney.
18:34 of 3rd period - Shot Misses the Net.
18:36 of 3rd period - Wrist shot by Chris Higgins.
18:36 of 3rd period - Shot Misses the Net.
18:50 of 3rd period - Snap shot by Jason Spezza.
18:50 of 3rd period - Shot Misses the Net.
18:52 of 3rd period - Slapshot by Karl Alzner.
18:52 of 3rd period - Stopped by Ondrej Pavelec without a rebound.
18:53 of 3rd period - Jason Spezza wins face-off versus Patrice Cormier in Golden Knights zone.
19:06 of 3rd period - Slapshot by Wes O'Neill.
19:06 of 3rd period - Shot Misses the Net.
19:08 of 3rd period - Backhand shot by Jared Cowen.
19:08 of 3rd period - Goal by Jared Cowen - Sharks : 6 - Golden Knights : 5.
19:09 of 3rd period - Michael Frolik wins face-off versus Jason Spezza in neutral zone.
19:14 of 3rd period - Golden Knights, Ondrej Pavelec is pulled from the net.
19:16 of 3rd period - Wrist shot by Michael Frolik.
19:16 of 3rd period - Shot Blocked by PK Subban.
19:18 of 3rd period - Wrist shot by Michael Frolik.
19:18 of 3rd period - Shot Blocked by Nick Palmieri.
19:20 of 3rd period - Wrist shot by Andrei Loktionov.
19:20 of 3rd period - Stopped by Antti Niemi with a rebound.
19:22 of 3rd period - Snap shot by Andrei Loktionov.
19:22 of 3rd period - Stopped by Antti Niemi without a rebound.
19:23 of 3rd period - Guy Boucher call a timeout for Golden Knights.
19:23 of 3rd period - Andrei Loktionov wins face-off versus Jason Spezza in Sharks zone.
19:24 of 3rd period - Wrist shot by Michael Frolik.
19:24 of 3rd period - Goal by Michael Frolik - Sharks : 6 - Golden Knights : 6.
19:24 of 3rd period - Ondrej Pavelec from Golden Knights was sent back in the game.
19:25 of 3rd period - Chris Tierney wins face-off versus Luke Adam in neutral zone.
19:30 of 3rd period - Wrist shot by Chris Higgins.
19:30 of 3rd period - Shot Misses the Net.
19:32 of 3rd period - Snap shot by Chris Higgins.
19:32 of 3rd period - Stopped by Antti Niemi without a rebound.
19:33 of 3rd period - Luke Adam wins face-off versus Chris Tierney in Sharks zone.
19:33 of 3rd period - Luke Adam is hit by Wayne Simmonds.
19:36 of 3rd period - Minor Penalty to Milan Michalek for Hooking.
19:37 of 3rd period - Matt Stajan wins face-off versus Jason Spezza in Sharks zone.
Goals for this period are 3 for Sharks vs 2 for Golden Knights.
Shots for this period are 16 for Sharks vs 11 for Golden Knights.
Overtime #1
0:01 of 1st overtime period - Andrei Loktionov wins face-off versus Jason Spezza in neutral zone.
0:14 of 1st overtime period - Snap shot by Andrei Loktionov.
0:14 of 1st overtime period - Shot Misses the Net.
0:16 of 1st overtime period - Wrist shot by Andrei Loktionov.
0:16 of 1st overtime period - Shot Misses the Net.
1:00 of 1st overtime period - Slapshot by Vladimir Mihalik.
1:00 of 1st overtime period - Goal by Vladimir Mihalik - Sharks : 6 - Golden Knights : 7.
Goals for this period are 0 for Sharks vs 1 for Golden Knights.
Shots for this period are 0 for Sharks vs 1 for Golden Knights.
Output by the SimonT Hockey Simulator (STHS) for Francois Prevost